 Dungeon Crawl Stone Soup version 0.27-a0-3-gcf006a40f5 (webtiles) character file.

Game seed: 18218665477436696101

5118 Conn the Covert (level 10, 0/61 HPs)
             Began as an Octopode Fire Elementalist on Jan 1, 2021.
             Slain by Gargoyl's ghost (21 damage)
             ... on level 8 of the Dungeon.
             The game lasted 00:34:42 (10397 turns).

Conn the Covert (Octopode Fire Elementalist)       Turns: 10397, Time: 00:34:43

Health: 0/61       AC:  3    Str:  8      XL:     10   Next: 58%
Magic:  29/31      EV: 19    Int: 25      God:
Gold:   415        SH:  0    Dex: 17 (18) Spells: 0/22 levels left

rFire    . . .     SeeInvis +   F - +10 falchion "Arbiter" {drain, SInv}
rCold    + . .     Faith    .   (no shield)
rNeg     . . .     Spirit   .   (helmet restricted)
rPois    +         Reflect  .   (no amulet)
rElec    .         Harm     .   j - +6 ring of dexterity
rCorr    .         Rampage  .   p - +4 ring of evasion
Will     .....                  q - ring of poison resistance
Stlth    +++++.....             b - ring of magical power
HPRegen  0.20/turn              z - ring of protection from cold
MPRegen  0.22/turn              B - +6 ring of intelligence
                                C - ring of flight
                                (no ring)

@: no status effects
A: almost no armour, stealthy swim, amphibious, 8 rings, constrict 8, yellow
scales 1, camouflage 1, dopey 1, high mp 1, gelatinous body 1, evolution 1
a: Evoke Flight


You were on level 8 of the Dungeon.
You visited 1 branch of the dungeon, and saw 8 of its levels.

You collected 415 gold pieces.

Inventory:

Hand Weapons
 n - a +0 short sword
 o - the +9 staff of Olgreb {rPois∞}
   (You found it on level 7 of the Dungeon)

   It grants immunity to poison.
 u - a +4 short sword
 F - the +10 falchion "Arbiter" (weapon) {drain, SInv}
   (You found it on level 8 of the Dungeon)

   A truly terrible weapon, it drains the life of those it strikes.
   It lets you see invisible.
 H - the +3 trident of Extinguishment {vorpal, rElec rC+ rN+ Dex+4}
   (You found it on level 8 of the Dungeon)

   It inflicts extra damage upon your enemies.
   It affects your dexterity (+4).
   It protects you from cold.
   It insulates you from electricity.
   It protects you from negative energy.
Missiles
 d - 4 atropa-tipped darts (quivered)
 s - 14 poisoned darts
Magical Staves
 E - an uncursed staff of air
Jewellery
 b - a ring of magical power (on tentacle)
 j - a +6 ring of dexterity (left tentacle)
 p - a +4 ring of evasion (right tentacle)
 q - a ring of poison resistance (on tentacle)
 r - an uncursed amulet of faith {unknown}
 z - a ring of protection from cold (on tentacle)
 B - a +6 ring of intelligence (on tentacle)
 C - a ring of flight (on tentacle)
Wands
 D - a wand of iceblast (6)
Scrolls
 a - 7 scrolls of identify
 e - 3 scrolls of blinking
 f - a scroll of remove curse
 g - a scroll of brand weapon {unknown}
 h - a scroll of noise {unknown}
 i - 4 scrolls of teleportation
 k - a scroll of magic mapping {unknown}
 l - a scroll of fog
 m - a scroll of immolation
 t - a scroll of enchant armour {unknown}
 v - a scroll of enchant weapon {unknown}
 y - a scroll of amnesia {unknown}
 A - a scroll of random uselessness {unknown}
Potions
 c - a potion of magic
 w - 2 potions of curing
 x - 3 potions of ambrosia


   Skills:
 + Level 2.5 Fighting
 + Level 4.5 Short Blades
 + Level 1.8 Staves
 + Level 0.6 Throwing
 + Level 3.5 Dodging
 + Level 8.6 Stealth
 + Level 6.7 Spellcasting
 + Level 7.1 Conjurations
 + Level 0.1 Hexes
 + Level 6.7 Fire Magic
 + Level 1.9 Air Magic
 + Level 1.3 Poison Magic
 + Level 3.7 Evocations


You couldn't memorise any spells.
You knew the following spells:

 Your Spells              Type           Power        Failure   Level
a - Foxfire               Conj/Fire      100%         1%          1
b - Conjure Flame         Conj/Fire      43%          1%          3
c - Inner Flame           Hex/Fire       25%          4%          3
d - Sticky Flame          Conj/Fire      43%          4%          4
e - Mephitic Cloud        Conj/Pois/Air  25%          4%          3
f - Ignite Poison         Fire/Tmut/Pois 21%          7%          3
g - Fireball              Conj/Fire      21%          11%         5

Your spell library contained the following spells:

 Spells                   Type           Power        Failure   Level
 Magic Dart               Conj           100%         1%          1
 Searing Ray              Conj           88%          1%          2
 Dazzling Flash           Conj/Hex       52%          4%          3
 Sting                    Tmut/Pois      44%          5%          1
 Poisonous Vapours        Pois/Air       32%          5%          2
 Animate Skeleton         Necr           16%          7%          1
 Apportation              Tloc           16%          7%          1
 Corona                   Hex            10%          7%          1
 Summon Small Mammal      Summ           32%          7%          1
 Fulminant Prism          Conj/Hex       13%          16%         4
 Iskenderun's Mystic Bla  Conj/Tloc      26%          16%         4
 Olgreb's Toxic Radiance  Pois           15%          36%         4


Dungeon Overview and Level Annotations

Branches:
Dungeon (8/15)             Temple (0/1) D:6
   Lair: D:8-11

Altars:
Ru
Zin

Annotations:
D:7 1 runed translucent door
D:8 Gargoyl's ghost, novice GnAK


Innate Abilities, Weirdness & Mutations

You cannot wear most types of armour.
You are very stealthy in the water. (Stealth+)
You are amphibious.
You can wear up to eight rings at the same time.
You can use your tentacles to constrict eight enemies at once.
Your skin changes colour to match your surroundings (Stealth+).
Your rubbery body absorbs attacks. (AC +1, EV +1)
You are partially covered in yellow scales. (AC +2)
You are dopey. (Int -2)
You have an increased reservoir of magic. (+10% MP)
You evolve.


Message History

Press: ? - help, v - describe, . - travel
Here: Gargoyl's ghost, wielding a vorpal weapon (flame, lightly damaged)
The floor.
Unknown command.
Unknown command.
Okay, then.
Unknown command.
Unknown command.
You feel much better.
Gargoyl's ghost is engulfed in blazing flames.
Gargoyl's ghost hits you!
Okay, then.
Okay, then.
Okay, then.
Okay, then.
You hit Gargoyl's ghost. Your squeeze misses Gargoyl's ghost.
Gargoyl's ghost is lightly damaged.
Gargoyl's ghost is engulfed in blazing flames.
Gargoyl's ghost hits you!!
You die...

.###.#.##..#####≈≈≈≈≈#...##.#
..............>#######......#
.###.##.########.........####
####.....#######........##
#...##.#.....##.......#
#.#.##.#.##..##.......#
###.#..........##.......#
..#.####.#.##..########.#
..#.# #........W@.......#
..#.# #######..#......###
..#.#########.####''###
..............##..≈.≈..#
..#######.....#≈≈⌠.#..## ..#
#.......#.#≈.≈..# ..#
#.......##..$≈≈#.# ..#
#.......####.#.### ..#
##.......########


You could see Gargoyl's ghost.

Vanquished Creatures
  The ghost of topfpfpflanze the Skirmisher, a novice OgGl of Gozag (D:7)
  The ghost of Beaer the Sneak, a novice VSBr (D:5)
  A queen bee (D:7)
  A hornet (D:8)
  5 soldier ants (D:7)
  4 water moccasins
  2 ice beasts (D:6)
  2 sky beasts
  An orc warrior (D:8)
  3 ogres
  A centaur (D:5)
  A big kobold (D:8)
  2 bullfrogs
  3 scorpions
  15 killer bees
  2 howler monkeys (D:7)
  A jelly (D:8)
  2 quasits
  2 hounds (D:8)
  3 orc priests
  Crazy Yiuf (D:7)
  3 bullfrog skeletons
  5 orc wizards
  2 iguanas
  A gnoll shaman (D:7)
  10 worker ants
  A hound skeleton (D:4)
  A worker ant zombie (D:6)
  11 gnolls
  A howler monkey skeleton (D:7)
  7 adders
  9 river rats (D:6)
  A white imp (D:5)
  5 ufetubi
  3 worms
  2 dart slugs
  4 leopard geckos
  28 orcs
  12 bats
  3 giant cockroaches
  5 goblins
  6 hobgoblins
  13 jackals
  14 kobolds
  9 quokkas
  3 ball pythons
  3 frilled lizards (D:2)
  A quokka skeleton (D:5)
  23 rats
240 creatures vanquished.

Vanquished Creatures (collateral kills)
  3 soldier ants (D:7)
3 creatures vanquished.

Vanquished Creatures (others)
  622 foxfires
622 creatures vanquished.

Grand Total: 865 creatures vanquished

Notes
Turn   | Place    | Note
-------+----------+-------------------------------------------
     0 | D:1      | Conn the Octopode Fire Elementalist began the quest for the
                  | Orb.
     0 | D:1      | Reached XP level 1. HP: 11/11 MP: 3/3
   171 | D:1      | Reached XP level 2. HP: 17/17 MP: 0/5
   753 | D:1      | Reached XP level 3. HP: 12/21 MP: 0/6
  1767 | D:3      | Reached XP level 4. HP: 27/27 MP: 6/8
  1926 | D:2      | Found a sacrificial altar of Ru.
  1950 | D:2      | Reached skill level 3 in Stealth
  2288 | D:2      | Reached XP level 5. HP: 22/31 MP: 1/9
  3027 | D:2      | Learned a level 3 spell: Conjure Flame
  3031 | D:2      | Learned a level 3 spell: Inner Flame
  3876 | D:4      | Reached XP level 6. HP: 20/36 MP: 7/11
  4109 | D:5      | Entered Level 5 of the Dungeon
  4724 | D:5      | Reached skill level 4 in Stealth
  4792 | D:5      | Reached skill level 1 in Evocations
  4798 | D:5      | Reached skill level 1 in Short Blades
  4798 | D:5      | Reached XP level 7. HP: 42/42 MP: 8/12
  4940 | D:5      | Found a runed translucent door.
  4940 | D:5      | Noticed Beaer's ghost (novice VSBr)
  4955 | D:5      | Killed Beaer's ghost
  4956 | D:5      | Reached skill level 1 in Fighting
  5328 | D:5      | Reached XP level 8. HP: 39/48 MP: 14/14
  5717 | D:6      | Reached skill level 5 in Fire Magic
  5783 | D:6      | Found a staircase to the Ecumenical Temple.
  6307 | D:6      | Reached skill level 5 in Conjurations
  6676 | D:6      | Reached skill level 5 in Stealth
  6781 | D:6      | Reached skill level 5 in Spellcasting
  7288 | D:7      | Learned a level 4 spell: Sticky Flame
  7292 | D:7      | Learned a level 3 spell: Mephitic Cloud
  7298 | D:7      | Found a runed translucent gate.
  7300 | D:7      | Found the +9 staff of Olgreb {rPois∞}
  7340 | D:7      | Found a runed translucent gate.
  7340 | D:7      | Found a runed translucent gate.
  7341 | D:7      | Found a runed translucent door.
  7374 | D:7      | Found a runed translucent door.
  7394 | D:7      | Reached XP level 9. HP: 54/54 MP: 16/16
  7410 | D:7      | Reached skill level 6 in Stealth
  7629 | D:7      | Reached skill level 7 in Stealth
  7715 | D:7      | Learned a level 3 spell: Ignite Poison
  8321 | D:7      | Reached XP level 10. HP: 34/60 MP: 19/19
  8471 | D:7      | Noticed topfpfpflanze's ghost (novice OgGl)
  8490 | D:7      | Found a transporter.
  8494 | D:7      | Found a transporter.
  8728 | D:7      | Found a runed translucent door.
  8729 | D:7      | Noticed Crazy Yiuf
  8736 | D:7      | Killed Crazy Yiuf
  9086 | D:7      | Gained mutation: You are dopey. (Int -2) [potion of
                  | mutation]
  9086 | D:7      | Gained mutation: You have an increased reservoir of magic.
                  | (+10% MP) [potion of mutation]
  9086 | D:7      | Gained mutation: You evolve. [potion of mutation]
  9086 | D:7      | Gained mutation: You are partially covered in yellow
                  | scales. (AC +2) [potion of mutation]
  9109 | D:7      | Reached skill level 8 in Stealth
  9113 | D:7      | Reached skill level 1 in Air Magic
  9134 | D:7      | Killed topfpfpflanze's ghost
  9135 | D:7      | Reached skill level 1 in Staves
  9594 | D:8      | Learned a level 5 spell: Fireball
  9671 | D:8      | Reached skill level 1 in Poison Magic
  9795 | D:8      | Found a large runed translucent door.
  9795 | D:8      | Found a large runed translucent door.
  9825 | D:8      | Found a glowing silver altar of Zin.
 10008 | D:8      | Got a twisted falchion
 10009 | D:8      | Identified the +10 falchion "Arbiter" {drain, SInv} (You
                  | found it on level 8 of the Dungeon)
 10267 | D:8      | Noticed Gargoyl's ghost (novice GnAK)
 10278 | D:8      | Got a slimy trident
 10279 | D:8      | Identified the cursed +3 trident of Extinguishment {vorpal,
                  | rElec rC+ rN+ Dex+4} (You found it on level 8 of the
                  | Dungeon)
 10397 | D:8      | Slain by Gargoyl's ghost

Illustrated notes

Levels and vault maps discovered:
D:1:      minmay_arrival_checkered_box, layout_loops_cross,
          grunt_decor_mini_mirrors
D:2:      layout_basic, nicolae_ru_great_annihilating_truth
D:3:      layout_basic
D:4:      layout_gridville, biasface_ghost_orc_armoury, corexii_shack
D:5:      lemuel_upstairs_altar, layout_loops_ring,
          ebering_ghost_reflecting_pool
D:6:      lemuel_ratsnest, layout_basic, minmay_temple_entry_statues_fountains
D:7:      layout_loops_corners, gammafunk_ghost_hive,
          chequers_serial_rivers_micro_e, minmay_guarded_unrand_staff_of_olgreb,
          uniq_crazy_yiuf_cottage
D:8:      layout_basic, kennysheep_little_box, ebering_ghost_disaster_area,
          minmay_fractal_squares_diagonal_5

Skill      XL: |  1  2  3  4  5  6  7  8  9 10 |
---------------+-------------------------------+-----
Conjurations   | 2 3 4 5 6 7 |  7.1
Stealth        | 3 4 5 7 8 |  8.6
Spellcasting   | 3 4 5 6 |  6.7
Fire Magic     | 4 5 6 |  6.7
Evocations     | 1 2 3 |  3.7
Short Blades   | 1 3 4 |  4.5
Fighting       | 1 2 |  2.5
Dodging        | 3 |  3.5
Air Magic      | 1 |  1.9
Staves         | 1 |  1.8
Poison Magic   | 1 |  1.3
Throwing       | |  0.6
Hexes          | |  0.1

Action                   |  1- 3 |  4- 6 |  7- 9 | 10-12 || total
-------------------------+-------+-------+-------+-------++-------
Melee: Unarmed           |     6 |       |       |       ||     6
       Constrict         |     1 |     4 |    33 |    20 ||    58
       Short sword       |       |    17 |   123 |       ||   140
       Tentacles         |       |     5 |    20 |    14 ||    39
       Staff             |       |       |     2 |    49 ||    51
       Falchion          |       |       |       |     4 ||     4
       Trident           |       |       |       |     1 ||     1
Throw: Dart              |       |     3 |     3 |       ||     6
 Cast: Foxfire           |    58 |   123 |   127 |    45 ||   353
       Conjure Flame     |       |     1 |     5 |     3 ||     9
       Inner Flame       |       |     1 |       |       ||     1
       Mephitic Cloud    |       |       |     8 |    12 ||    20
       Sticky Flame      |       |       |     3 |     4 ||     7
       Ignite Poison     |       |       |       |     2 ||     2
       Fireball          |       |       |       |     1 ||     1
Evoke: Wand              |       |     7 |       |       ||     7
       Staff of Olgreb   |       |       |     6 |     6 ||    12
  Use: Potion            |     1 |     3 |     6 |     3 ||    13
       Scroll            |     1 |       |     4 |     3 ||     8
 Stab: Sleeping          |       |     3 |     7 |       ||    10
       Invisible         |       |       |     5 |       ||     5
       Distracted        |       |       |     1 |       ||     1
       Confused          |       |       |     8 |     6 ||    14
Armor: Skin              |     2 |     3 |     7 |     9 ||    21
Dodge: Dodged            |    24 |    84 |   132 |    72 ||   312
       Rpst.: Falchion   |       |       |       |     4 ||     4

Table legend: (Time is in decaauts)
 A = Elapsed time spent in this place.
 B = Non-inter-level travel time spent in this place.
 C = Inter-level travel time spent in this place.
 D = Time resting spent in this place.
 E = Time spent auto-exploring this place.
 F = Levels seen in this place.
 G = Mean time per level.
                   A        B        C        D        E       F      G
               +--------+--------+--------+--------+--------+-----+--------+
         Total |  10403 |  10240 |    163 |   2013 |   5354 |   8 | 1300.4 |
       Dungeon |  10403 |  10240 |    163 |   2013 |   5354 |   8 | 1300.4 |
               +--------+--------+--------+--------+--------+-----+--------+

Top non-repeatable levels by time:
     D:7: 2173 daAuts
     D:5: 1711 daAuts
     D:2: 1633 daAuts
     D:6: 1260 daAuts
     D:3: 1096 daAuts
     D:8: 1084 daAuts
     D:1: 1072 daAuts
     D:4: 373 daAuts
